 Dungeon Crawl Stone Soup version 0.27-a0-1200-g94dc6ad4cf (webtiles) character file.

Game seed: 2874071999184682170

13491 Froggeryz the Blocker (level 12, -1/88 HPs)
             Began as a Barachi Fighter on May 30, 2021.
             Was an Initiate of Gozag.
             Slain by a blink frog (11 damage)
             ... on level 4 of the Lair of Beasts.
             The game lasted 00:15:49 (15727 turns).

Froggeryz the Blocker (Barachi Fighter)            Turns: 15727, Time: 00:15:50

Health: -1/88      AC: 11    Str: 28    XL:     12   Next: 6%
Magic:  12/12      EV:  9    Int:  9    God:    Gozag
Gold:   2295       SH: 14    Dex:  7    Spells: 11/11 levels left

rFire    . . .     SeeInvis .   a - +1 flail (venom)
rCold    . . .     Faith    .   c - +0 kite shield
rNeg     . . .     Spirit   .   b - +0 scale mail
rPois    +         Reflect  .   n - +0 helmet
rElec    .         Harm     .   s - +1 cloak
rCorr    .         Rampage  .   i - +0 pair of gloves
Will     ++...                  (no boots)
Stlth    +.........             (no amulet)
HPRegen  0.24/turn              C - ring of poison resistance
MPRegen  0.13/turn              y - ring of Rusestues {Fly Will++ Str+6 Dex-5 Stlth+}

@: flying, studying Crossbows, slow
A: amphibious, slowness 1, strong legs 1, +LOS
a: Hop, Renounce Religion, Potion Petition, Call Merchant, Bribe Branch


You were on level 4 of the Lair of Beasts.
You worshipped Gozag.
Gozag was most pleased with you.
You visited 2 branches of the dungeon, and saw 11 of its levels.

You collected 2295 gold pieces.

Inventory:

Hand Weapons
 a - a +1 flail of venom (weapon)
 w - a +0 morningstar
 D - a +2 flail of protection
Missiles
 m - 30 poisoned darts (quivered)
 q - 5 atropa-tipped darts
 u - a throwing net
 G - a curare-tipped dart
Armour
 b - a +0 scale mail (worn)
 c - a +0 kite shield (worn)
 d - the +1 buckler "Damnable Contraption" {rElec rC+ rCorr}
   (You acquired it on level 3 of the Dungeon)

   It protects you from cold.
   It insulates you from electricity.
   It protects you from acid and corrosion.
 i - a +0 pair of gloves (worn)
 n - a +0 helmet (worn)
 s - a +1 cloak (worn)
Jewellery
 t - a +6 ring of intelligence
 y - the ring of Rusestues (right hand) {Fly Will++ Str+6 Dex-5 Stlth+}
   (You acquired it on level 5 of the Dungeon)

   [ring of strength]

   It affects your strength (+6).
   It affects your dexterity (-5).
   It grants you flight.
   It greatly increases your willpower.
   It makes you more stealthy.
 A - a ring of see invisible
 C - a ring of poison resistance (left hand)
Wands
 v - a wand of flame (20)
 J - a wand of charming (9)
 K - a wand of iceblast (8)
Scrolls
 e - 6 scrolls of identify
 g - a scroll of magic mapping
 h - 2 scrolls of blinking {unknown}
 j - 4 scrolls of fear {unknown}
 o - a scroll of fog {unknown}
 x - 2 scrolls of noise {unknown}
 B - 4 scrolls of enchant armour
 E - 3 scrolls of teleportation {unknown}
 F - a scroll of summoning {unknown}
 H - 2 scrolls of amnesia {unknown}
Potions
 f - 3 potions of curing
 k - a potion of lignification {unknown}
 l - 2 potions of degeneration {unknown}
 p - a potion of berserk rage {unknown}
 r - 2 potions of haste {unknown}
 z - 2 potions of magic {unknown}
 I - 2 potions of cancellation {unknown}
 L - a potion of might


   Skills:
 - Level 6.2 Fighting
 - Level 14.0 Maces & Flails
 - Level 3.6 Armour
 + Level 14.1 Shields


You had 11 spell levels left.
You didn't know any spells.
Your spell library contained the following spells:

 Spells                   Type           Power      Damage    Failure   Level
 Animate Skeleton         Necr           0%         N/A       67%         1
 Apportation              Tloc           0%         N/A       67%         1
 Corona                   Hex            0%         N/A       67%         1
 Pain                     Necr           0%         1d4       67%         1
 Sting                    Tmut/Pois      0%         1d3       67%         1
 Summon Small Mammal      Summ           0%         N/A       67%         1
 Poisonous Vapours        Pois/Air       0%         N/A       82%         2
 Ignite Poison            Fire/Tmut/Pois 0%         N/A       96%         3
 Mephitic Cloud           Conj/Pois/Air  0%         N/A       96%         3
 Vampiric Draining        Necr           0%         2d6       96%         3
 Animate Dead             Necr           0%         N/A       100%        4
 Olgreb's Toxic Radiance  Pois           0%         N/A       100%        4
 Agony                    Necr           0%         N/A       100%        5


Dungeon Overview and Level Annotations

Branches:
Dungeon (8/15)             Temple (0/1) D:5            Lair (2/6) D:8
 Shoals (0/4) Lair:2
  Snake: Lair:2-4    Spider: Lair:2-4

Altars:
Ashenzari
Fedhas
Gozag
Kikubaaqudgha
Vehumet
Wu Jian
Xom

Annotations:
Lair:1 exclusion: oklob plant


Innate Abilities, Weirdness & Mutations

You are amphibious.
You cover ground slowly.
You can hop short distances.
You have an extended range of vision and can be seen from far away.


Message History

You are too injured to fight recklessly!
You are too injured to fight recklessly!
You are too injured to fight recklessly!
You are too injured to fight recklessly!
You are too injured to fight recklessly!
You are too injured to fight recklessly!
You are too injured to fight recklessly!
You are too injured to fight recklessly!
You are too injured to fight recklessly!
You are too injured to fight recklessly!
You are too injured to fight recklessly!
You closely miss the blink frog. The blink frog barely misses you.
You miss the blink frog. You block the blink frog's attack. x3
You barely miss the blink frog. The blink frog closely misses you.
You block the blink frog's attack. The blink frog hits you.
The blink frog blinks!
You block the blink frog's attack.
You hit the blink frog.
The blink frog is lightly wounded.
You block the blink frog's attack.
The blink frog hits you but does no damage.
You hit the blink frog.
The blink frog is poisoned.
The blink frog is lightly wounded.
The blink frog hits you but does no damage.
You block the blink frog's attack. The blink frog hits you.
The blink frog blinks!
You closely miss the blink frog.
The blink frog is lightly wounded.
The blink frog barely misses you.
The blink frog hits you but does no damage.
You bludgeon the blink frog!!
The blink frog looks as sick as possible!
The blink frog is heavily wounded.
The blink frog hits you.
* * * LOW HITPOINT WARNING * * *
The blink frog hits you!
* * * LOW HITPOINT WARNING * * *
The blink frog blinks!
The blink frog hits you!
You die...
Your body crumbles into a pile of gold.

..$. #...+
#...# #...## .
#....######..
##............
#.............
#.....F......
#..F@........
##....$.......
#P...(#..#.#..
##..$#####
#...F##
##..P.#
##....#
#....##
#.....#


You could see 3 blink frogs.

Vanquished Creatures
  A hydra (Lair:1)
  Pikel (D:6)
  A cyclops (D:6)
  7 elephants
  Joseph (Lair:1)
  A black mamba (Lair:4)
  A cane toad (Lair:1)
  3 komodo dragons (Lair:1)
  Grinder (D:3)
  A snapping turtle (Lair:2)
  19 yaks
  4 wyverns
  A basilisk (Lair:1)
  2 steam dragons
  2 water moccasins
  2 ice beasts (D:6)
  A sky beast (D:5)
  6 orc warriors
  4 black bears
  3 necrophages
  4 wolves
  A lemure (D:6)
  2 kobold brigands
  6 bullfrogs
  A water moccasin zombie (D:4)
  2 wights (D:4)
  An electric eel (Lair:2)
  A bullfrog zombie (D:5)
  A jelly (D:5)
  A human zombie (D:4)
  4 orc priests
  3 centaur zombies
  Crazy Yiuf (D:3)
  2 bullfrog skeletons (D:5)
  Jessica (D:2)
  4 centaur skeletons
  A scorpion zombie (D:4)
  5 iguanas
  10 orc wizards
  A mummy (D:4)
  Robin (D:2)
  3 howler monkey zombies
  4 gnolls
  3 adders
  A white imp (D:6)
  An ufetubus (D:6)
  2 adder zombies (D:4)
  A worm (D:3)
  6 dart slugs
  33 orcs
  6 endoplasms
  2 giant cockroaches
  14 goblins
  6 hobgoblins
  10 jackals
  14 kobolds
  2 quokkas
  7 ball pythons
  5 bats
  5 frilled lizards
  7 rats
247 creatures vanquished.

Vanquished Creatures (others)
  A yak (Lair:1)
  13 fungi
  21 plants
35 creatures vanquished.

Grand Total: 282 creatures vanquished

Notes
Turn   | Place    | Note
-------+----------+-------------------------------------------
     0 | D:1      | Froggeryz the Barachi Fighter began the quest for the Orb.
     0 | D:1      | Reached XP level 1. HP: 18/18 MP: 1/1
   209 | D:1      | Reached XP level 2. HP: 24/24 MP: 2/2
   393 | D:1      | Found a faded altar of an unknown god.
   438 | D:1      | Reached XP level 3. HP: 16/29 MP: 3/3
   818 | D:1      | Became a worshipper of Gozag Ym Sagoz the Greedy
  1403 | D:2      | Reached XP level 4. HP: 36/36 MP: 4/4
  1415 | D:2      | Reached skill level 5 in Maces & Flails
  1787 | D:2      | Noticed Jessica
  1803 | D:2      | Killed Jessica
  1813 | D:2      | Reached XP level 5. HP: 21/41 MP: 5/5
  2145 | D:3      | Noticed Robin
  2206 | D:2      | Killed Robin
  2498 | D:3      | Noticed Grinder
  2506 | D:3      | Paralysed by Grinder for 3 turns
  2514 | D:3      | Paralysed by Grinder for 2 turns
  2516 | D:3      | HP: 1/41 [Grinder (3)]
  2517 | D:3      | Killed Grinder
  2518 | D:3      | Reached XP level 6. HP: 1/47 MP: 6/6
  3148 | D:3      | Found a runed translucent door.
  3149 | D:3      | Noticed Crazy Yiuf
  3201 | D:3      | Found a blossoming altar of Fedhas.
  3490 | D:3      | HP: 2/46 [something (1)]
  3965 | D:3      | Killed Crazy Yiuf
  3966 | D:3      | Reached XP level 7. HP: 51/52 MP: 7/7
  3988 | D:3      | Identified a scroll of acquirement
  3988 | D:3      | Acquired the +1 buckler "Damnable Contraption" {rElec rC+
                  | rCorr}
  4161 | D:4      | Found an ornate altar of the Wu Jian Council.
  4498 | D:4      | Found a broken altar of Ashenzari.
  4917 | D:4      | Found an ancient bone altar of Kikubaaqudgha.
  5101 | D:4      | Reached skill level 5 in Shields
  5218 | D:4      | Reached XP level 8. HP: 59/59 MP: 8/8
  5451 | D:5      | Entered Level 5 of the Dungeon
  5459 | D:5      | Found a staircase to the Ecumenical Temple.
  5626 | D:5      | Acquired the ring of Rusestues {Fly Will++ Str+6 Dex-5
                  | Stlth+}
  6108 | D:6      | HP: 2/59 [orc warrior/+0 halberd (10)]
  6519 | D:6      | Reached XP level 9. HP: 47/64 MP: 9/9
  6550 | D:6      | Noticed a cyclops
  6568 | D:6      | Killed a cyclops
  6569 | D:6      | Reached skill level 10 in Maces & Flails
  7007 | D:6      | Noticed Pikel
  7032 | D:6      | Reached skill level 10 in Shields
  7040 | D:6      | Killed Pikel
  7748 | D:7      | Reached XP level 10. HP: 59/70 MP: 10/10
  8525 | D:7      | Identified the +6 broad axe of the Other Side {freeze,
                  | rElec rPois Str+4}
  9208 | D:7      | Found a shimmering altar of Xom.
  9964 | D:8      | Found a staircase to the Lair.
 10187 | D:8      | Found a radiant altar of Vehumet.
 10333 | D:8      | Identified the +4 dagger of Joan {elec, Dex+3}
 10692 | Lair:1   | Entered Level 1 of the Lair of Beasts
 10695 | Lair:1   | Noticed an elephant
 10696 | Lair:1   | Noticed an elephant
 10701 | Lair:1   | Noticed an elephant
 10742 | D:8      | Killed an elephant
 10743 | D:8      | Reached skill level 5 in Fighting
 10995 | Lair:1   | Killed an elephant
 11011 | Lair:1   | Killed an elephant
 11533 | Lair:1   | Reached XP level 11. HP: 55/81 MP: 11/11
 11651 | Lair:1   | Noticed a four-headed hydra
 11652 | Lair:1   | Noticed an oklob plant
 11674 | Lair:1   | HP: 4/81 [four-headed hydra (11)]
 11681 | Lair:1   | Killed a four-headed hydra
 12529 | Lair:1   | Noticed Joseph
 12573 | Lair:1   | Killed Joseph
 14512 | Lair:2   | HP: 1/81 [elephant (13)]
 15009 | Lair:2   | Found a staircase to the Shoals.
 15604 | Lair:2   | You are sucked into a shaft and drop 2 floors!
 15655 | Lair:4   | Reached XP level 12. HP: 69/88 MP: 12/12
 15727 | Lair:4   | Slain by a blink frog

Illustrated notes

Levels and vault maps discovered:
D:1:      dpeg_arrival_shelter, layout_rooms, ebering_ecumenical_altar_rust,
          kennysheep_small_spiral
D:2:      layout_basic, uniq_jessica
D:3:      layout_basic, general_overflow_altar, minmay_bisected,
          uniq_crazy_yiuf_cottage, uniq_robin, uniq_grinder
D:4:      layout_basic, nicolae_ashenzari_panopticon,
          lemuel_mausoleum_altar_kikubaaqudgha, old_standard_altar,
          minmay_misc_feat_tiny
D:5:      layout_rooms, minmay_temple_entry_large_hall
D:6:      layout_loops_ring, serial_glass, glass_columns_a, glass_columns_b,
          minivault_22, minmay_manual_moon, uniq_pikel
D:7:      layout_layer_cave, tgw_xom, patterned_corridor
D:8:      layout_basic, fiery_altar_vehumet, dpeg_oklobed_lair
Lair:1:   layout_small_grid, infiniplex_staircase_pool_2,
          minmay_lair_oklob_chamber, serial_bayou_shore_b, uniq_joseph
Lair:2:   layout_hall_layers, minmay_shoals_entry_hut
Lair:4:   layout_regular_city, spider_nest_entry_webs, st_stairs_13,
          lemuel_fruit_fields, uniq_kirke, uniq_urug

Skill      XL: |  1  2  3  4  5  6  7  8  9 10 11 |
---------------+----------------------------------+-----
Maces & Flails | 3 4 5 7 8 9 10 13 14 | 14.0
Shields        | 5 8 10 11 14 | 14.1
Fighting       | 6 |  6.2
Armour         | |  3.6

Action                   |  1- 3 |  4- 6 |  7- 9 | 10-12 || total
-------------------------+-------+-------+-------+-------++-------
Melee: Flail             |   111 |   178 |   324 |   540 ||  1153
 Abil: Hop               |       |       |     1 |     4 ||     5
Evoke: Wand              |       |       |       |     5 ||     5
  Use: Potion            |       |     4 |     2 |     7 ||    13
       Scroll            |       |       |     8 |     1 ||     9
 Stab: Distracted        |       |       |     2 |     2 ||     4
Armor: Scale mail        |    48 |   109 |   125 |   169 ||   451
Dodge: Dodged            |    42 |    60 |   115 |   178 ||   395
Block: Kite shield       |    71 |    89 |       |    22 ||   182
       Buckler           |       |       |    83 |   137 ||   220

Table legend: (Time is in decaauts)
 A = Elapsed time spent in this place.
 B = Non-inter-level travel time spent in this place.
 C = Inter-level travel time spent in this place.
 D = Time resting spent in this place.
 E = Time spent auto-exploring this place.
 F = Levels seen in this place.
 G = Mean time per level.
                   A        B        C        D        E       F      G
               +--------+--------+--------+--------+--------+-----+--------+
         Total |  16986 |  16617 |    369 |   4513 |   9794 |  11 | 1544.2 |
       Dungeon |  12037 |  11767 |    270 |   2194 |   7881 |   8 | 1504.6 |
          Lair |   4949 |   4850 |     99 |   2319 |   1913 |   3 | 1649.7 |
               +--------+--------+--------+--------+--------+-----+--------+

Top non-repeatable levels by time:
  Lair:1: 3408 daAuts
     D:3: 1798 daAuts
     D:8: 1783 daAuts
     D:2: 1780 daAuts
     D:7: 1747 daAuts
     D:6: 1602 daAuts
     D:4: 1430 daAuts
  Lair:2: 1425 daAuts
     D:1: 1044 daAuts
     D:5: 851 daAuts
  Lair:4: 115 daAuts
